AoeStats
← the best player in the universe

Black Forest

504007762Analyzed
1v1 RM · 1mo ago on Sep 3, 2026· 40m 42s· 2 players
Game mode
Random Map
Map size
Tiny (2 player)
Population
200
Speed
Normal
Resources
Standard
Victory
Conquest
Starting age
Dark Age
Ending age
Imperial Age
RankedLock teamsTeams togetherTeam positionsShared explorationLock speedFull tech treeHidden civsTurbo modeCheats
Victory
Defeat
1161
+17
🇦🇷 Khmer · Argentina
1180
-17
the best player in the universe
0:46 Loom
12:16 Feudal Age
15:58 Castle Age
13:50 Horse Collar
14:20 Double-Bit Axe
16:54 Wheelbarrow
17:06 Bow Saw
18:36 Heavy Plow
20:15 Hand Cart
22:23 Gold Mining
24:20 Gold Shaft Mining
25:52 Stone Mining
30:23 Imperial Age
29:50 Scale Barding Armor
29:56 Forging
30:54 Chain Barding Armor
31:15 Iron Casting
31:16 Stone Shaft Mining
31:45 Crop Rotation
30:42 Elite Battle Elephant
31:23 Husbandry
31:33 Bloodlines
32:12 Plate Barding Armor
32:57 Blast Furnace
33:35 Fletching
33:45 Scale Mail Armor
33:53 Tusk Swords
34:17 Conscription
33:49 Town Watch
37:35 Light Cavalry
joseguevara07-
4:36 Loom
8:52 Loom
11:11 Feudal Age
14:15 Castle Age
12:07 Double-Bit Axe
12:41 Horse Collar
21:11 Bloodlines
21:01 Husbandry
21:38 Light Cavalry
23:20 Gold Mining
28:45 Imperial Age
26:32 Heavy Plow
26:55 Scale Barding Armor
27:59 Wheelbarrow
27:09 Town Watch
28:24 Fletching
28:54 Chain Barding Armor
28:58 Ballistics
30:05 Conscription
32:41 Chemistry
32:13 Forging
32:24 Chain Barding Armor
32:19 Elite Battle Elephant
34:04 Double Crossbow
35:32 Iron Casting
35:18 Bow Saw
36:47 Plate Barding Armor
38:31 Blast Furnace
37:33 Tusk Swords
38:53 Scale Mail Armor
39:38 Hand Cart
38:55 Pikeman
39:27 Halberdier
Connection lost

Rejoining the realm…

Still unreachable

The connection could not be restored.

Session expired

The server has moved on; the page needs a fresh start.